 Dungeon Crawl Stone Soup version 0.21.1-1-g345015fe64 (webtiles) character file.

358 Naru the Chopper (level 6, -2/47 HPs)
             Began as a Minotaur Fighter on June 16, 2018.
             Was an Initiate of Hepliaklqana.
             Slain by a scorpion (6 damage)
             ... on level 4 of the Dungeon.
             The game lasted 00:06:48 (4009 turns).

Naru the Chopper (Minotaur Fighter)                 Turns: 4009, Time: 00:06:48

Health: -2/47      AC: 10    Str: 21    XL:     6   Next: 37%
Magic:  5/5        EV:  8    Int:  6    God:    Hepliaklqana [......]
Gold:   137        SH: 11    Dex: 10    Spells: 5/5 levels left

rFire    . . .     SeeInvis .   a - +1 war axe
rCold    . . .     Gourm    .   c - +2 shield
rNeg     . . .     Faith    .   b - +0 scale mail
rPois    +         Spirit   .   (helmet restricted)
rElec    .         Reflect  .   h - +2 cloak
rCorr    .         Harm     .   (no gloves)
MR       .....                  (no boots)
Stlth    ..........             (no amulet)
HPRegen  0.15/turn              q - ring of poison resistance
MPRegen  0.09/turn              (no ring)

@: lethally poisoned (-2 -> -21), glowing
A: retaliatory headbutt, reduced essence, horns 2
a: Recall Ancestor, Ancestor Identity, Renounce Religion


You were on level 4 of the Dungeon.
You worshipped Hepliaklqana.
Hepliaklqana was noncommittal.
You were very hungry.

You visited 2 branches of the dungeon, and saw 6 of its levels.

You collected 137 gold pieces.

Inventory:

Hand Weapons
 a - a +1 war axe (weapon)
Missiles
 p - 4 poisoned needles
 s - 4 tomahawks of returning (quivered)
Armour
 b - a +0 scale mail (worn)
 c - a +2 shield (worn)
 h - a +2 cloak (worn)
Jewellery
 q - a ring of poison resistance (left hand)
Wands
 t - a wand of digging (12)
Scrolls
 f - a scroll of identify
 i - 2 scrolls of remove curse
 j - a scroll of blinking {unknown}
 n - 2 scrolls of fear {unknown}
Potions
 d - a potion of might
 e - 3 potions of heal wounds
 g - a potion of agility
 l - 2 potions of resistance {unknown}
 m - a potion of haste {unknown}
 o - 2 potions of mutation {unknown}
Books
 k - a book of Flames

   Spells                             Type                      Level
   a - Flame Tongue                   Conjuration/Fire             1
   b - Throw Flame                    Conjuration/Fire             2
   c - Conjure Flame                  Conjuration/Fire             3
   d - Inner Flame                    Hexes/Fire                   3
   e - Sticky Flame                   Conjuration/Fire             4
   f - Fireball                       Conjuration/Fire             5


   Skills:
 * Level 4.5 Fighting
 * Level 6.1 Axes
 + Level 4.9 Armour
 + Level 1.1 Dodging
 + Level 4.5 Shields


You had 5 spell levels left.
You didn't know any spells.

Dungeon Overview and Level Annotations

Branches:
Dungeon (5/15)             Temple (1/1) D:4

Altars:
Ashenzari
Cheibriados
Dithmenos
Elyvilon
Fedhas
Gozag
Hepliaklqana
Kikubaaqudgha
Makhleb
Nemelex Xobeh
Okawaru
Qazlal
Ru
Sif Muna
Trog
Vehumet
Wu Jian
Yredelemnul
Zin
The Shining One

Annotations:
D:5 mass2k's ghost, novice SpEn


Innate Abilities, Weirdness & Mutations

You reflexively headbutt those who attack you in melee.
You have a pair of horns on your head.
Your life essence is reduced to manifest your ancestor. (-10% HP)


Message History

The scorpion stings you!
You are more poisoned.
The scorpion poisons you! You block mass2k's ghost's attack.
* * * LOW HITPOINT WARNING * * *
You feel sick. Mass2k's ghost hits you.
* * * LOW HITPOINT WARNING * * *
* * * LOW HITPOINT WARNING * * *
You feel sick. You block the scorpion's attack.
There is a stone staircase leading up here.
* * * LOW HITPOINT WARNING * * *
You feel sick. The scorpion completely misses you.
You climb upwards.
* * * LOW HITPOINT WARNING * * *
You feel very sick.
There is a stone staircase leading down here.
Unknown command.
You swap places.
* * * LOW HITPOINT WARNING * * *
You feel sick. The scorpion stings you.
You die...

### ########### #######.#
#.........# #.......#
#######.#######.# #.#####.#
#.......# #.# #.# #.#
#.#############.# #.# #.#
......#.........# #.# #.#
#.###.#.########### #.# #.#
...............s@R# #.# #.#
#..##.#.#.######### #.#####.#
#..##.#.#.# #....##.#
#..##.#.#.################.##.#
#..##.#.#...............#<..#.#
#.....#.###############.#...#.#
##.##.....#.............#...#.#
##.##.#.#......##############.#
......#.#......#..............#


You could see the friendly Belshunu the ancestor and a scorpion.

Vanquished Creatures
  2 howler monkeys (D:4)
  2 orc priests
  Terence (D:2)
  An orc wizard (D:3)
  A worker ant (D:4)
  4 adders
  4 worms
  A dart slug (D:2)
  5 leopard geckos
  17 orcs
  2 giant cockroaches (D:1)
  7 goblins
  12 hobgoblins
  7 jackals
  A ball python (D:3)
  5 bats
  4 frilled lizards
  4 kobolds
  3 rats
83 creatures vanquished.

Notes
Turn   | Place    | Note
-------+----------+-------------------------------------------
     0 | D:1      | Naru the Minotaur Fighter began the quest for the Orb.
     0 | D:1      | Reached XP level 1. HP: 19/19 MP: 0/0
   444 | D:1      | Reached XP level 2. HP: 20/27 MP: 1/1
   618 | D:1      | Reached skill level 3 in Axes
  1111 | D:2      | Reached XP level 3. HP: 33/33 MP: 2/2
  1641 | D:2      | Noticed Terence
  1650 | D:2      | Killed Terence
  1650 | D:2      | Reached XP level 4. HP: 40/40 MP: 3/3
  1878 | D:3      | Reached skill level 4 in Axes
  2209 | D:3      | Reached XP level 5. HP: 40/46 MP: 4/4
  2240 | D:3      | Found a sacrificial altar of Ru.
  2247 | D:3      | Found a radiant altar of Vehumet.
  2247 | D:3      | Found an ornate altar of the Wu Jian Council.
  2247 | D:3      | Found a deep blue altar of Sif Muna.
  2259 | D:3      | Found an ancient bone altar of Kikubaaqudgha.
  2263 | D:3      | Found a shadowy altar of Dithmenos.
  2355 | D:3      | Found a basalt altar of Yredelemnul.
  2366 | D:3      | Reached skill level 5 in Axes
  2366 | D:3      | Reached skill level 1 in Dodging
  2863 | D:4      | Reached XP level 6. HP: 46/53 MP: 5/5
  3035 | D:4      | Found a staircase to the Ecumenical Temple.
  3058 | D:4      | Found a shattered altar of Ashenzari.
  3111 | D:4      | Reached skill level 6 in Axes
  3263 | Temple   | Entered the Ecumenical Temple
  3270 | Temple   | Became a worshipper of Hepliaklqana the Forgotten
  3986 | D:5      | Entered Level 5 of the Dungeon
  3987 | D:5      | Noticed mass2k's ghost (novice SpEn)
  4009 | D:4      | Slain by a scorpion

Skill      XL: |  1  2  3  4  5  6 |
---------------+-------------------+-----
Fighting       | 4 |  4.5
Shields        | 4 |  4.5
Axes           | 3 4 5 6 |  6.1
Armour         | 4 |  4.9
Dodging        | 1 |  1.1

Action                   |  1- 3 |  4- 6 || total
-------------------------+-------+-------++-------
Melee: War axe           |    97 |   108 ||   205
       Headbutt          |     6 |    17 ||    23
  Use: Scroll            |       |    11 ||    11
  Eat: Ration            |     1 |     1 ||     2
       Chunk             |       |     2 ||     2
Armor: Scale mail        |    57 |    38 ||    95
Dodge: Dodged            |    49 |    27 ||    76
Block: Shield            |    65 |    48 ||   113
